 Dungeon Crawl Stone Soup version 0.30-a0-939-gc8157cb160 (webtiles) character file.

Game seed: 17377495667407179874

16501 coolguy69 the Covert (level 12, -13/54 (62) HPs)
             Began as a Vine Stalker Monk on Mar 25, 2023.
             Was an Elder of Dithmenos.
             Mangled by a death scarab (18 damage)
             ... in a Gauntlet.
             The game lasted 00:24:37 (10780 turns).

coolguy69 the Covert (Vine Stalker Monk)           Turns: 10780, Time: 00:24:37

HP:   -13/54 (62)   AC: 12    Str: 23    XL:     12   Next: 38%
MP:   0/17          EV: 14    Int: 10    God:    Dithmenos [****..]
Gold: 500           SH:  9    Dex: 17    Spells: 11/11 levels left

rFire   + . .      SeeInvis .    h - +2 quick blade (venom)
rCold   + + .      Faith    .    i - +3 buckler "Fawish" {*Corrode rElec rC++}
rNeg    . . .      Spirit   +    l - +1 ring mail {rPois}
rPois   +          Reflect  .    (helmet restricted)
rElec   +          Rampage  .    u - +2 cloak
rCorr   .          NoTele   +    (no gloves)
Will    +....                    j - +0 pair of boots {Fly}
Stlth   +++++++                  q - amulet of regeneration
HPRegen 1.89/turn                d - +6 ring of strength
MPRegen 0.15/turn                o - ring of protection from fire

@: flying, wreathed by umbra, heavily drained, unable to read
A: fangs 3, regeneration 1, magic shield, antimagic bite, no potion heal 2,
antennae 1, clumsy 1, inability to read after injury 1
a: Renounce Religion, Shadow Step


You were in a Gauntlet.
You worshipped Dithmenos.
Dithmenos was greatly pleased with you.
You visited 2 branches of the dungeon, and saw 12 of its levels.
You also visited: Gauntlet.

You collected 500 gold pieces.

Inventory:

Hand Weapons
 h - a +2 quick blade of venom (weapon)
Missiles
 r - a throwing net (quivered)
Armour
 i - the +3 buckler "Fawish" (worn) {*Corrode rElec rC++}
   (You acquired it on level 7 of the Dungeon)

   rC:        It greatly protects you from cold.
   rElec:     It insulates you from electricity.
   *Corrode:  It may corrode you when you take damage.
 j - a +0 pair of boots of flying (worn)
 l - a +1 ring mail of poison resistance (worn)
 u - a +2 cloak (worn)
 x - +0 acid dragon scales
 z - a +2 chain mail of fire resistance
 E - a +0 troll leather armour
Jewellery
 d - a +6 ring of strength (left hand)
 o - a ring of protection from fire (right hand)
 q - an amulet of regeneration (around neck)
 v - a ring of see invisible
 D - a ring of positive energy
 I - the amulet of Gonos {rElec rC- Regen+ Str-4 Dex+9}
   (You found it in a Gauntlet)

   [amulet of regeneration]

   Str:       It affects your strength (-4).
   Dex:       It affects your dexterity (+9).
   rC:        It makes you vulnerable to cold.
   rElec:     It insulates you from electricity.
   Regen:     It increases your rate of health regeneration.
Wands
 a - a wand of roots (6)
 f - a wand of light (2)
 s - a wand of flame (34)
 C - a wand of digging (1)
Scrolls
 b - 2 scrolls of brand weapon
 e - a scroll of poison
 n - 2 scrolls of fear
 t - 2 scrolls of fog
 w - 3 scrolls of immolation
 y - a scroll of magic mapping
 A - a scroll of amnesia
 B - 2 scrolls of enchant armour
 H - a scroll of teleportation
Potions
 c - 3 potions of ambrosia
 g - a potion of magic
 m - 3 potions of heal wounds
 p - a potion of mutation
Miscellaneous
 G - a piece from Xom's chessboard (15/15)


   Skills:
 + Level 6.8 Fighting
 - Level 8.0 Short Blades
 + Level 7.5 Armour
 + Level 6.7 Dodging
 + Level 11.7 Stealth
 + Level 5.1 Shields
 * Level 6.4 Invocations


You had 11 spell levels left.
You didn't know any spells.
Your spell library contained the following spells:

 Spells                   Type           Power      Damage    Failure   Level
 Beastly Appendage        Tmut           0%         N/A       58%         1
 Blink                    Tloc           0%         N/A       73%         2
 Lesser Beckoning         Tloc           0%         N/A       73%         2
 Momentum Strike          Conj/Tloc      0%         3d8       73%         2
 Sublimation of Blood     Necr           0%         N/A       73%         2
 Wereblood                Tmut           0%         N/A       73%         2
 Spider Form              Tmut/Pois      0%         N/A       91%         3
 Tukima's Dance           Hex            0%         N/A       91%         3
 Cause Fear               Hex            0%         N/A       100%        4
 Passage of Golubria      Tloc           0%         N/A       100%        4
 Petrify                  Tmut/Erth      0%         N/A       100%        4
 Irradiate                Conj/Tmut      0%         3d11      100%        5
 Metabolic Englaciation   Hex/Ice        0%         N/A       100%        5
 Yara's Violent Unravell  Hex/Tmut       0%         3d3       100%        5
 Statue Form              Tmut/Erth      0%         N/A       100%        6
 Dragon Form              Tmut           0%         N/A       100%        7
 Dragon's Call            Summ           0%         N/A       100%        9


Dungeon Overview and Level Annotations

Branches:
Dungeon (11/15)            Temple (1/1) D:5            Lair (0/5) D:10
    Orc (0/2) D:9         Gauntlet (1/1)

Altars:
Ashenzari
Cheibriados
Dithmenos
Elyvilon
Fedhas
Gozag
Hepliaklqana
Kikubaaqudgha
Makhleb
Nemelex Xobeh
Okawaru
Qazlal
Ru
Sif Muna
Trog
Uskayaw
Vehumet
Wu Jian
Xom
Yredelemnul
Zin
The Shining One

Shops:
D:3 :   D:9 *

Portals:
Bailey: D:7

Annotations:
Gauntlet 8 transporters, 2 runed translucent doors, exclusion: ice statue


Innate Abilities, Weirdness & Mutations

You have razor-sharp teeth.
Your natural rate of healing is unusually fast.
When hurt, damage is shared between your health and your magic reserves.
Your bite disrupts and absorbs the magic of your enemies.
Potions cannot restore your health.
You have a pair of small antennae on your head.
You are clumsy. (Dex -2)
You occasionally lose the ability to read scrolls when taking damage.


Message History

You hit the death scarab. You bite the death scarab. You drain its power.
You feel invigorated.
The death scarab is heavily damaged.
The death scarab closely misses you.
You block the spectral death yak's attack.
You hit the death scarab but do no damage.
The death scarab is heavily damaged.
The death scarab completely misses you.
You barely miss the death scarab. Your bite misses the death scarab.
The death scarab is heavily damaged.
You block the death scarab's attack.
You hit the death scarab.
The death scarab is heavily damaged.
The death scarab bites you!!
You feel threatened and lose the ability to read scrolls!
* * * LOW HITPOINT WARNING * * *
The death scarab draws strength from your injuries!
You block the spectral death yak's attack.
You hit the spectral death yak but do no damage.
The spectral death yak is lightly damaged.
The death scarab closely misses you.
Unknown command.
You hit the death scarab but do no damage.
The death scarab is heavily damaged.
You block the death scarab's attack.
You miss the death scarab. Your bite misses the death scarab.
The death scarab is heavily damaged.
The death scarab barely misses you.
You block the spectral death yak's attack.
The shadow imp grinds its teeth.
Unknown command.
You hit the death scarab but do no damage.
You bite the death scarab, but do no damage.
The death scarab is heavily damaged.
You block the death scarab's attack.
You hit the death scarab but do no damage.
Your bite misses the death scarab.
The death scarab is heavily damaged.
The death scarab bites you!!
You die...

=#..#.#..#..≈# #≈..
#..#©)#©#..#©.#..## ##..
≈..#.#..#.2#..#..§###≈..
#..#.#...###..#..##≈##..
≈..#..##55.#..#.........
#..#########..#.........
#..........#..##########
#..#########..#..#......
##@ZZ.#..#...#.....
#8.#$[##BB##..#)..#....#
#..#?..#.###..#....#©##.
#∩.#©##.##Z#©©#©..###...
#..###.#...#..#[##.#....
#8.##..##..#..##....#...
#.. ....##.#..#.....#...
#. ########..#......#..
......#..##########


You could see a spectral four-headed hydra, a spectral death yak, a spectral
cane toad, 2 death scarabs and 2 shadow imps.

Vanquished Creatures
  A catoblepas (Gauntlet)
  3 two-headed ogres
  A boulder beetle (D:11)
  Pikel (D:5)
  An orc knight (D:11)
  2 cyclopes
  A manticore (D:11)
  An ugly thing (D:11)
  A guardian serpent (D:11)
  A gargoyle (Gauntlet)
  An unseen horror (D:11)
  Maggie (D:8)
  A kobold demonologist (D:10)
  A meliai (D:10)
  A hornet (D:6)
  Grinder (D:6)
  4 trolls
  A spectral black mamba (Gauntlet)
  5 wyverns
  13 yaks (D:10)
  3 chaos spawn (Gauntlet)
  A neqoxec (Gauntlet)
  4 vampire mosquitoes (D:10)
  A steam dragon (D:9)
  An acid dragon (D:10)
  Duvessa (D:5)
  3 orc warriors
  A black bear (D:4)
  A sky beast (D:6)
  2 wolves (D:10)
  5 centaurs
  A phantom (D:7)
  4 kobold brigands
  2 bullfrogs
  3 gnoll sergeants
  6 scorpions
  5 wights (D:8)
  Dowan (D:5)
  3 killer bees (D:8)
  3 electric eels (D:10)
  6 howler monkeys
  A gnoll bouda (D:7)
  9 hounds
  2 jellies
  Crazy Yiuf (D:3)
  4 orc priests
  3 iguanas
  3 sleepcaps
  13 orc wizards
  19 gnolls
  13 adders
  A river rat (D:4)
  3 white imps
  An ufetubus (D:5)
  A worm (D:4)
  A dart slug (D:2)
  45 orcs
  A bat skeleton (D:5)
  5 bat zombies (D:5)
  8 endoplasms
  3 giant cockroaches (D:4)
  14 goblins
  5 hobgoblins
  35 kobolds
  5 quokkas
  7 ball pythons
  9 bats
  6 frilled lizards
  4 rats
  A butterfly (D:5)
322 creatures vanquished.

Vanquished Creatures (others)
  40 plants (D:9)
40 creatures vanquished.

Grand Total: 362 creatures vanquished

Notes
Turn   | Place    | Note
-------+----------+-------------------------------------------
     0 | D:1      | coolguy69 the Vine Stalker Monk began the quest for the
                  | Orb.
     0 | D:1      | Reached XP level 1. HP: 11/11 MP: 2/2
    89 | D:1      | Reached XP level 2. HP: 16/16 MP: 3/3
   859 | D:1      | Reached XP level 3. HP: 11/20 MP: 0/4
  1145 | D:2      | Reached skill level 3 in Stealth
  1206 | D:2      | Gained mutation: Your natural rate of healing is unusually
                  | fast. [Vine Stalker growth]
  1206 | D:2      | Reached XP level 4. HP: 24/24 MP: 5/5
  1403 | D:2      | Found a faded altar of an unknown god.
  1622 | D:2      | You fall into a shaft and drop 1 floor!
  1622 | D:3      | Found Udanisch's Vocational Training.
  1926 | D:3      | Reached skill level 1 in Armour
  2098 | D:3      | Found a runed translucent door.
  2099 | D:3      | Noticed Crazy Yiuf
  2439 | D:3      | Killed Crazy Yiuf
  2440 | D:3      | Reached XP level 5. HP: 22/28 MP: 4/6
  2452 | D:3      | Identified a scroll of acquirement
  2454 | D:3      | Acquired a +0 quick blade of venom
  2520 | D:4      | Reached skill level 4 in Stealth
  2623 | D:4      | Found a glowing drain.
  2788 | D:4      | Found a glowing silver altar of Zin.
  2788 | D:4      | Noticed an angel
  2815 | D:4      | Reached XP level 6. HP: 31/32 MP: 7/7
  2833 | D:4      | Reached skill level 5 in Stealth
  3001 | D:4      | Noticed a black bear
  3012 | D:4      | Killed a black bear
  3112 | D:4      | Found a sacrificial altar of Ru.
  3801 | D:4      | Found a burning altar of Makhleb.
  4049 | D:5      | Entered Level 5 of the Dungeon
  4073 | D:5      | Reached XP level 7. HP: 35/36 MP: 8/8
  4279 | D:5      | Noticed Dowan
  4281 | D:5      | Noticed Duvessa
  4311 | D:5      | Reached skill level 6 in Stealth
  4360 | D:5      | Killed Duvessa
  4383 | D:5      | Gained mutation: You have razor-sharp teeth. [Vine Stalker
                  | growth]
  4383 | D:5      | Reached XP level 8. HP: 42/42 MP: 7/9
  4398 | D:5      | Killed Dowan
  4749 | D:5      | Found a staircase to the Ecumenical Temple.
  4991 | D:5      | Noticed Pikel
  5006 | D:5      | Killed Pikel
  5007 | D:5      | Reached skill level 5 in Short Blades
  5007 | D:5      | Reached skill level 7 in Stealth
  5038 | D:5      | Found an ancient bone altar of Kikubaaqudgha.
  5258 | Temple   | Entered the Ecumenical Temple
  5513 | Temple   | Became a worshipper of Dithmenos the Shadowed
  5513 | Temple   | Reached * piety under Dithmenos
  5513 | Temple   | Reached ** piety under Dithmenos
  5636 | D:6      | Reached XP level 9. HP: 45/46 MP: 8/10
  5914 | D:6      | Noticed Grinder
  5936 | D:6      | Killed Grinder
  5937 | D:6      | Reached skill level 5 in Armour
  6081 | D:6      | Found a sparkling altar of Nemelex Xobeh.
  6104 | D:6      | Noticed a hornet
  6106 | D:6      | Killed a hornet
  6112 | D:6      | Found a blossoming altar of Fedhas.
  6447 | D:7      | Reached skill level 8 in Stealth
  6590 | D:7      | Found a glowing golden altar of the Shining One.
  6605 | D:7      | Found a bloodstained altar of Trog.
  6636 | D:7      | Reached skill level 5 in Fighting
  6653 | D:7      | Found a flagged portal.
  6770 | D:7      | Reached *** piety under Dithmenos
  6931 | D:7      | Acquired the +3 buckler "Fawish" {*Corrode rElec rC++}
  6970 | D:8      | Reached skill level 9 in Stealth
  6970 | D:8      | Reached XP level 10. HP: 40/51 MP: 11/11
  7235 | D:8      | Reached skill level 1 in Invocations
  7288 | D:8      | Noticed a two-headed ogre
  7301 | D:8      | HP: 1/51 [two-headed ogre/+0 giant club (10)]
  7304 | D:8      | Killed a two-headed ogre
  7726 | D:9      | Noticed Maggie
  7741 | D:8      | Reached skill level 5 in Dodging
  7771 | D:8      | Killed Maggie
  8003 | D:9      | Reached skill level 1 in Shields
  8075 | D:9      | Reached **** piety under Dithmenos
  8327 | D:9      | Found Risyl's Hallowed Reliquary.
  8329 | D:9      | Noticed an angel
  8389 | D:9      | Noticed a two-headed ogre
  8398 | D:9      | Killed a two-headed ogre
  8399 | D:9      | Reached skill level 10 in Stealth
  8399 | D:9      | Reached XP level 11. HP: 56/56 MP: 14/14
  8594 | D:9      | Identified the +0 leather armour of the Catamount {Str+6}
  8639 | D:9      | Found a staircase to the Orcish Mines.
  8691 | D:9      | Noticed a cyclops
  8698 | D:9      | Killed a cyclops
  8839 | D:10     | Entered Level 10 of the Dungeon
  9039 | D:10     | Found a staircase to the Lair.
  9233 | D:10     | Noticed a two-headed ogre
  9247 | D:10     | Killed a two-headed ogre
  9280 | D:10     | Gained mutation: You sometimes lose your temper in combat.
                  | [potion of mutation]
  9280 | D:10     | Gained mutation: You are clumsy. (Dex -2) [potion of
                  | mutation]
  9280 | D:10     | Gained mutation: Your flesh is heat resistant. (rF+)
                  | [potion of mutation]
  9281 | D:10     | Lost mutation: You sometimes lose your temper in combat.
                  | [potion of mutation]
  9281 | D:10     | Lost mutation: Your flesh is heat resistant. (rF+) [potion
                  | of mutation]
  9281 | D:10     | Gained mutation: You have a pair of small antennae on your
                  | head. [potion of mutation]
  9313 | D:10     | Reached ***** piety under Dithmenos
  9451 | D:10     | Found a basalt altar of Yredelemnul.
  9930 | D:11     | Noticed a boulder beetle
  9948 | D:11     | Killed a boulder beetle
  9949 | D:11     | Reached skill level 5 in Invocations
 10146 | D:10     | Reached skill level 11 in Stealth
 10219 | D:10     | Noticed a soul eater
 10220 | D:10     | Noticed a sun demon
 10266 | D:11     | Reached XP level 12. HP: 44/62 MP: 12/17
 10412 | D:11     | Found a gate leading to a gauntlet.
 10438 | D:11     | Noticed a boulder beetle
 10444 | Gauntlet | Entered a Gauntlet
 10444 | Gauntlet | Noticed a soul eater
 10444 | Gauntlet | Found a transporter.
 10444 | Gauntlet | Found a runed translucent door.
 10444 | Gauntlet | Found a transporter.
 10446 | Gauntlet | Found a runed translucent door.
 10475 | Gauntlet | Found a transporter.
 10488 | Gauntlet | Found a transporter.
 10564 | Gauntlet | Gained mutation: You occasionally lose the ability to read
                  | scrolls when taking damage. [a neqoxec]
 10567 | Gauntlet | Reached skill level 5 in Shields
 10575 | Gauntlet | Identified the amulet of Gonos {rElec rC- Regen+ Str-4
                  | Dex+9}
 10591 | Gauntlet | Noticed a catoblepas
 10592 | Gauntlet | Found a transporter.
 10592 | Gauntlet | Found a transporter.
 10602 | Gauntlet | Found a transporter.
 10621 | Gauntlet | Found a transporter.
 10629 | Gauntlet | Found a transporter.
 10644 | Gauntlet | Killed a catoblepas
 10665 | Gauntlet | Noticed a reaper
 10667 | Gauntlet | Noticed a death scarab
 10680 | Gauntlet | Found a transporter.
 10696 | Gauntlet | Noticed a death scarab
 10708 | Gauntlet | Found a transporter.
 10742 | Gauntlet | Found a transporter.
 10742 | Gauntlet | Found a transporter.
 10775 | Gauntlet | HP: 2/54 [death scarab (12)]
 10780 | Gauntlet | Mangled by a death scarab

Illustrated notes

Levels and vault maps discovered:
D:1:      dpeg_arrival_simpleton_a, layout_loops_corners, nrook_loot_triangle,
          glass_columns_a, hangedman_decor_points, kennysheep_decorative_pillar,
          chequers_jeans, minmay_tripent
D:2:      layout_loops_ring, shapermc_ecumenical_altar_hornbeckon,
          serial_forest, infiniplex_forest_clump_C, infiniplex_forest_zigzag_1,
          infiniplex_forest_lined_4_way, infiniplex_forest_lined_1,
          infiniplex_forest_zigzag_1
D:3:      layout_basic, nicolae_shop_vocational, uniq_crazy_yiuf_cottage
D:4:      layout_layer_cave, lemuel_round_altar, zin_angel,
          nicolae_ru_great_annihilating_truth, portal_sewer_entry_b
D:5:      layout_basic, kennysheep_vampire_church,
          minmay_temple_entry_butterflies, uniq_pikel, uniq_duvessa
D:6:      layout_basic, fedhas_altar_3, nemelex_spade_bored_becter,
          hangedman_decor_opposing, nicolae_kite_square_tiling_tiny,
          chequers_serial_rivers_small_b, kennysheep_generic_room_12,
          uniq_grinder
D:7:      layout_rooms, mainiacjoe_overflow_swirl, enter_bailey_3,
          minmay_circle_x
D:8:      layout_loops_ring
D:9:      kennysheep_kobold_camp, layout_stronghold, orc_0_dummy,
          nicolae_good_shop, uniq_maggie
D:10:     layout_small_grid, mainiacjoe_overflow_boulevard, erik_lair_island,
          special_room [special_room_orc], small_chamber_with_monster
D:11:     cheibrodos_barr_body, layout_cross, gauntlet_entry_generic,
          nrook_guardian_serpent_ordinary
Temple:   nicolae_temple_figure_eight
Gauntlet: gammafunk_gauntlet_mixed_choke_point
          [minmay_gauntlet_arena_77_cramped,
          minmay_gauntlet_arena_77_tiled_triplets,
          minmay_gauntlet_arena_77_hold_the_fort, nicolae_gauntlet_swirl,
          minmay_gauntlet_arena_77_block_sizes, minmay_gauntlet_arena_77_fan,
          minmay_gauntlet_arena_77_squiggly, dreamdust_gauntlet_exit_labyrinth]

Skill      XL: |  1  2  3  4  5  6  7  8  9 10 11 12 |
---------------+-------------------------------------+-----
Short Blades   | 3 4 5 6 7 8 |  8.0
Fighting       | 3 4 5 6 |  6.8
Stealth        | 3 4 5 6 7 9 10 11 | 11.7
Armour         | 1 2 3 4 5 6 7 |  7.5
Dodging        | 3 4 5 6 |  6.7
Invocations    | 3 5 6 |  6.4
Shields        | 2 4 5 |  5.1

Action                     |  1- 3 |  4- 6 |  7- 9 | 10-12 || total
---------------------------+-------+-------+-------+-------++-------
  Melee: Short sword       |    98 |    10 |       |       ||   108
         Bite              |    14 |    44 |   122 |   356 ||   536
         Punch             |     1 |     2 |     1 |       ||     4
         Dagger            |       |    46 |       |       ||    46
         Quick blade       |       |   111 |   399 |   889 ||  1399
 Invoke: Shadow Step       |       |       |       |     4 ||     4
         Shadow Form       |       |       |       |     1 ||     1
    Use: Scroll            |     3 |    11 |     8 |     7 ||    29
         Potion            |       |     1 |     2 |     5 ||     8
   Stab: Sleeping          |     7 |    14 |    11 |     9 ||    41
         Paralysed         |       |     1 |       |       ||     1
         Distracted        |       |       |     1 |     1 ||     2
         Invisible         |       |       |       |    15 ||    15
 Armour: Robe              |     6 |       |       |       ||     6
         Ring mail         |    38 |    31 |    52 |    94 ||   215
         Skin              |       |       |    33 |       ||    33
  Dodge: Dodged            |    66 |    62 |   109 |   277 ||   514
  Block: Buckler           |       |       |     1 |   201 ||   202

Table legend: (Time is in decaauts)
 A = Elapsed time spent in this place.
 B = Non-inter-level travel time spent in this place.
 C = Inter-level travel time spent in this place.
 D = Time resting spent in this place.
 E = Time spent auto-exploring this place.
 F = Levels seen in this place.
 G = Mean time per level.
                   A        B        C        D        E       F      G
               +--------+--------+--------+--------+--------+-----+--------+
         Total |   9899 |   9359 |    540 |     92 |   7067 |  13 |  761.5 |
       Dungeon |   9352 |   8849 |    503 |     92 |   6842 |  11 |  850.2 |
        Temple |    291 |    255 |     36 |      0 |    207 |   1 |  291.0 |
      Gauntlet |    255 |    255 |      0 |      0 |     18 |   1 |  255.0 |
               +--------+--------+--------+--------+--------+-----+--------+

Top non-repeatable levels by time:
     D:4: 1490 daAuts
     D:5: 1169 daAuts
    D:10: 1063 daAuts
     D:1: 944 daAuts
     D:9: 897 daAuts
     D:3: 859 daAuts
     D:8: 822 daAuts
     D:6: 755 daAuts
     D:2: 664 daAuts
     D:7: 472 daAuts
  Temple: 291 daAuts
Gauntlet: 255 daAuts
    D:11: 212 daAuts
